 Dungeon Crawl Stone Soup version 0.23.1 (webtiles) character file.

Game seed: 10827316432493860975

14204 Honti the Basher (level 11, -2/100 HPs)
             Began as a Minotaur Berserker on Mar 15, 2019.
             Was a High Priest of Trog.
             Slain by a two-headed ogre
             ... wielding a +0 giant club
              (26 damage)
             ... on level 11 of the Dungeon.
             The game lasted 00:17:22 (9049 turns).

Honti the Basher (Minotaur Berserker)               Turns: 9049, Time: 00:17:23

Health: -2/100     AC:  8    Str: 24    XL:     11   Next: 85%
Magic:  3/3        EV: 14    Int:  7    God:    Trog [*****.]
Gold:   513        SH:  0    Dex:  9    Spells: 10/10 levels left

rFire    . . .     SeeInvis +   F - +3 great mace (antimagic)
rCold    + . .     Gourm    .   (shield currently unavailable)
rNeg     . . .     Faith    .   r - +0 scale mail
rPois    +         Spirit   .   (helmet restricted)
rElec    .         Reflect  .   (no cloak)
rCorr    .         Harm     .   (no gloves)
MR       .....                  (no boots)
Stlth    +.........             (no amulet)
HPRegen  0.26/turn              e - ring "Lekymn" {rPois Int+3 Dex-2 SInv Stlth+}
MPRegen  0.08/turn              x - ring of protection from cold

@: no status effects
A: retaliatory headbutt, horns 2
a: Berserk, Trog's Hand, Brothers in Arms, Renounce Religion


You were on level 11 of the Dungeon.
You worshipped Trog.
Trog was extremely pleased with you.
You were not hungry.

You visited 1 branch of the dungeon, and saw 11 of its levels.

You collected 693 gold pieces.
You spent 180 gold pieces at shops.

Inventory:

Hand Weapons
 v - a +2 battleaxe of chopping
 F - a +3 antimagic great mace (weapon)
Armour
 r - a +0 scale mail (worn)
Jewellery
 e - the ring "Lekymn" (left hand) {rPois Int+3 Dex-2 SInv Stlth+}
   (You found it on level 8 of the Dungeon)

   [ring of intelligence]

   It affects your intelligence (+3).
   It affects your dexterity (-2).
   It protects you from poison.
   It lets you see invisible.
   It makes you more stealthy.
 t - an uncursed ring of magical power
 x - a ring of protection from cold (right hand)
 y - an uncursed ring of magical power
 z - an uncursed ring of fire
 J - an uncursed amulet of rage
Wands
 q - a wand of random effects (18)
 s - a wand of flame (56)
 w - a wand of polymorph (5)
 D - a wand of iceblast (16)
Scrolls
 b - 3 scrolls of teleportation
 d - a scroll of enchant armour {unknown}
 h - 6 scrolls of remove curse
 i - a scroll of amnesia {unknown}
 k - 3 scrolls of magic mapping
 m - 2 scrolls of noise
 o - a scroll of random uselessness {unknown}
 A - a scroll of immolation {unknown}
 B - a scroll of fear
 C - a scroll of enchant weapon
 E - a scroll of blinking
Potions
 a - a potion of lignification
 f - 5 potions of curing
 g - 2 potions of haste
 l - 3 potions of brilliance
 n - a potion of might
 p - 3 potions of resistance
 u - a potion of ambrosia
 G - a potion of cancellation
 H - a potion of mutation
Comestibles
 c - 25 rations
 I - 26 chunks of flesh


   Skills:
 - Level 10.2 Fighting
 - Level 5.2(11.1) Axes
 * Level 14.8(15.1) Maces & Flails
 - Level 9.9 Armour
 - Level 9.1 Dodging


You had 10 spell levels left.
You didn't know any spells.
Your spell library was empty.

Dungeon Overview and Level Annotations

Branches:
Dungeon (11/15)            Temple (0/1) D:4            Lair (0/6) D:11
    Orc (0/2) D:11

Altars:
Dithmenos
Elyvilon
Fedhas
Gozag
Kikubaaqudgha
Nemelex Xobeh
Okawaru
Qazlal
Ru
Sif Muna
Trog
Vehumet
Zin
Jiyva


Innate Abilities, Weirdness & Mutations

You reflexively headbutt those who attack you in melee.
You have a pair of horns on your head.


Message History

The two-headed ogre hits you with a +0 giant spiked club!
The two-headed ogre closely misses you.
You bludgeon the two-headed ogre!!
Your headbutt misses the two-headed ogre.
The two-headed ogre is almost dead.
You sock the two-headed ogre!
You kill the two-headed ogre!
Trog accepts your kill.
You bludgeon the two-headed ogre!!
The two-headed ogre is heavily wounded.
The two-headed ogre barely misses you. You furiously retaliate!
You headbutt the two-headed ogre, but do no damage.
The two-headed ogre hits you with a +0 giant club!
* * * LOW HITPOINT WARNING * * *
You bludgeon the two-headed ogre!!
The two-headed ogre is severely wounded.
The two-headed ogre hits you with a +0 giant club.
* * * LOW HITPOINT WARNING * * *
The two-headed ogre hits you with a +0 giant club!!
You die...

*,*,,,,,,,,*,,,,#####.....8.....
*,*,,,******,,,,#...#...........
*,*+***,,,,,,,,,#...............
**,,,,,,,,,,,,,,,#....8....>....8
,,,,,,,,,,,,,,,,,#..........(....
,,,,,>,,,,,,,,,,,#####...........
,,,,,,,,,,*****,,,,,,#.....8.....
,,,,,,,,,**,,*#####..####.[)).###
,,,,,,,,**,,,,#O@.##......)......
,,,,,,,,*#....O###'#########.....
,,,,,,,**...>#** #.# ##≈##....
,,,,,,***#..** #.# #≈≈##.###
,,,,*** *.,** ##.# ###≈≈≈#.#..
,**** *,** ##)## ##..≈≈≈≈.#..
,********,** #.#####..≈≈≈≈#.'..
,**>,,,***,* #.###.....≈≈##.###
,**,,,,* *,** ##.........)).....


You could see a two-headed ogre and an ogre.

Vanquished Creatures
  A hydra (D:8)
  6 two-headed ogres
  The ghost of spacerossing the Cleaver, a novice VSFi of Okawaru (D:8)
  A gargoyle (D:10)
  2 trolls
  A hippogriff (D:8)
  A slime creature (D:10)
  Sigmund (D:4)
  8 yaks (D:10)
  A water moccasin (D:10)
  6 orc warriors
  3 black bears (D:8)
  12 ogres
  2 ice beasts
  2 phantoms
  2 sky beasts
  3 centaurs
  2 crocodiles
  2 big kobolds
  2 bullfrogs (D:7)
  A gnoll sergeant (D:6)
  4 scorpions
  8 wights
  2 howler monkeys
  2 centaur zombies
  5 crimson imps
  7 hounds
  10 jellies
  A bullfrog zombie (D:8)
  An orc priest (D:9)
  21 orc wizards
  3 centaur skeletons
  An iguana (D:5)
  A bullfrog skeleton (D:10)
  Natasha (thrice) (D:2)
  9 worker ants
  A hound skeleton (D:8)
  A mummy (D:10)
  A howler monkey zombie (D:6)
  5 gnolls
  8 adders
  3 shadow imps
  An ooze (D:3)
  2 worms
  6 leopard geckos
  45 orcs
  A ball python (D:5)
  9 bats
  2 giant cockroaches
  3 hobgoblins
  9 jackals
  10 kobolds
  3 quokkas
  2 frilled lizards (D:3)
  13 goblins
  4 rats
267 creatures vanquished.

Vanquished Creatures (collateral kills)
  The ghost of Andrea the Arsonist, a novice DEFE of Vehumet (D:10)
  A moth of wrath (D:8)
2 creatures vanquished.

Grand Total: 269 creatures vanquished

Notes
Turn   | Place    | Note
-------+----------+-------------------------------------------
     0 | D:1      | Honti the Minotaur Berserker began the quest for the Orb.
     0 | D:1      | Reached XP level 1. HP: 19/19 MP: 0/0
   288 | D:1      | Reached XP level 2. HP: 27/27 MP: 1/1
   861 | D:2      | Reached XP level 3. HP: 23/33 MP: 2/2
   964 | D:2      | Noticed Natasha
   969 | D:2      | Killed Natasha
  1046 | D:2      | Found a sparkling altar of Nemelex Xobeh.
  1057 | D:2      | Noticed Natasha
  1066 | D:2      | Killed Natasha
  1066 | D:2      | Reached XP level 4. HP: 25/40 MP: 3/3
  1074 | D:2      | Reached ** piety under Trog
  1407 | D:2      | Noticed Natasha
  1415 | D:2      | Killed Natasha
  1415 | D:2      | Reached skill level 5 in Axes
  1727 | D:3      | Reached XP level 5. HP: 36/47 MP: 4/4
  1790 | D:3      | Found a sacrificial altar of Ru.
  2432 | D:4      | Found a staircase to the Ecumenical Temple.
  2452 | D:4      | Reached skill level 1 in Maces & Flails
  2633 | D:4      | Noticed Sigmund
  2642 | D:4      | Killed Sigmund
  2642 | D:4      | Reached skill level 5 in Fighting
  2642 | D:4      | Reached skill level 2 in Maces & Flails
  2642 | D:4      | Reached XP level 6. HP: 56/56 MP: 5/5
  2747 | D:4      | Reached skill level 3 in Maces & Flails
  3186 | D:4      | Found an iron altar of Okawaru.
  3449 | D:5      | Entered Level 5 of the Dungeon
  3454 | D:5      | Noticed an ice beast
  3460 | D:5      | Killed an ice beast
  3460 | D:5      | Reached XP level 7. HP: 61/61 MP: 6/6
  3545 | D:5      | Reached skill level 4 in Maces & Flails
  3633 | D:5      | Reached skill level 5 in Armour
  3675 | D:5      | Reached *** piety under Trog
  3688 | D:5      | Reached skill level 5 in Maces & Flails
  3988 | D:5      | Noticed a two-headed ogre
  3998 | D:5      | Killed a two-headed ogre
  3998 | D:5      | Reached skill level 7 in Maces & Flails
  3998 | D:5      | Reached skill level 5 in Dodging
  3998 | D:5      | Reached XP level 8. HP: 66/71 MP: 7/7
  4601 | D:6      | Reached XP level 9. HP: 68/79 MP: 8/8
  4610 | D:6      | Reached skill level 8 in Maces & Flails
  4862 | D:6      | Reached **** piety under Trog
  5101 | D:7      | Reached skill level 9 in Maces & Flails
  5517 | D:8      | Found a transporter.
  5524 | D:8      | Found a transporter.
  5528 | D:8      | Noticed a moth of wrath
  5529 | D:8      | Noticed spacerossing's ghost (novice VSFi)
  5671 | D:8      | Killed spacerossing's ghost
  5671 | D:8      | Reached skill level 10 in Maces & Flails
  5671 | D:8      | Reached XP level 10. HP: 90/90 MP: 9/9
  5672 | D:8      | Killed a moth of wrath
  5680 | D:8      | Got a steaming lapis lazuli ring
  5694 | D:8      | Identified the ring "Lekymn" {rPois Int+3 Dex-2 SInv
                  | Stlth+} (You found it on level 8 of the Dungeon)
  5712 | D:8      | Noticed a two-headed ogre
  5719 | D:8      | Killed a two-headed ogre
  5893 | D:8      | Noticed a five-headed hydra
  5897 | D:8      | Killed a six-headed hydra
  5897 | D:8      | Reached skill level 11 in Maces & Flails
  6379 | D:9      | Noticed a two-headed ogre
  6389 | D:9      | Killed a two-headed ogre
  6608 | D:9      | Found an opulent altar of Gozag.
  6634 | D:9      | Reached ***** piety under Trog
  6721 | D:9      | Reached XP level 11. HP: 49/99 MP: 10/10
  6740 | D:9      | Found a blossoming altar of Fedhas.
  6970 | D:9      | Received a gift from Trog
  6972 | D:9      | Found a stormy altar of Qazlal.
  7024 | D:9      | Reached skill level 12 in Maces & Flails
  7027 | D:9      | Found a bloodstained altar of Trog.
  7041 | D:9      | Found a shadowy altar of Dithmenos.
  7051 | D:9      | Found a white marble altar of Elyvilon.
  7076 | D:9      | Found Zin's Purification Station.
  7076 | D:9      | Found a glowing silver altar of Zin.
  7081 | D:9      | Bought 2 potions of curing for 180 gold pieces
  7181 | D:9      | Found an ancient bone altar of Kikubaaqudgha.
  7191 | D:9      | Found a radiant altar of Vehumet.
  7206 | D:9      | Found a deep blue altar of Sif Muna.
  7387 | D:10     | Entered Level 10 of the Dungeon
  7705 | D:10     | Reached skill level 10 in Fighting
  7716 | D:10     | Found a transporter.
  8079 | D:10     | Found a transporter.
  8080 | D:10     | Noticed Andrea's ghost (novice DEFE)
  8106 | D:10     | Killed Andrea's ghost
  8411 | D:10     | Found a viscous altar of Jiyva.
  8626 | D:10     | Reached skill level 13 in Maces & Flails
  8794 | D:11     | Found a staircase to the Lair.
  8873 | D:11     | Found a staircase to the Orcish Mines.
  9024 | D:11     | Noticed a two-headed ogre
  9024 | D:11     | Noticed a two-headed ogre
  9025 | D:11     | Noticed a two-headed ogre
  9026 | D:11     | Noticed a two-headed ogre
  9034 | D:11     | Killed a two-headed ogre
  9034 | D:11     | Reached skill level 14 in Maces & Flails
  9041 | D:11     | Killed a two-headed ogre
  9047 | D:11     | Killed a two-headed ogre
  9049 | D:11     | Slain by a two-headed ogre

Skill      XL: |  1  2  3  4  5  6  7  8  9 10 11 |
---------------+----------------------------------+-----
Axes           | 4 5 |  5.2
Fighting       | 4 5 6 7 8 9 10 | 10.2
Armour         | 3 4 6 8 9 |  9.9
Dodging        | 3 4 5 6 7 8 9 |  9.1
Maces & Flails | 2 3 7 10 11 14 | 14.8

Action                   |  1- 3 |  4- 6 |  7- 9 | 10-12 || total
-------------------------+-------+-------+-------+-------++-------
Melee: Hand axe          |    49 |    44 |       |       ||    93
       Headbutt          |     8 |     9 |    35 |    51 ||   103
       Flail             |       |    66 |   136 |     4 ||   206
       Battleaxe         |       |       |    51 |    90 ||   141
       Great mace        |       |       |       |   177 ||   177
Invok: Berserk           |     2 |     2 |     4 |    10 ||    18
       Trog's Hand       |       |     1 |     3 |     1 ||     5
       Brothers in Arms  |       |       |     1 |     1 ||     2
  Use: Scroll            |       |       |     7 |    12 ||    19
       Potion            |       |       |     2 |       ||     2
 Stab: Sleeping          |     2 |       |       |       ||     2
  Eat: Chunk             |     3 |     9 |     7 |    16 ||    35
       Ration            |       |       |     2 |     1 ||     3
Armor: Animal skin       |     8 |    10 |       |       ||    18
       Chain mail        |       |    45 |     5 |       ||    50
       Leather armour    |       |     3 |       |       ||     3
       Scale mail        |       |       |    62 |    75 ||   137
Dodge: Dodged            |    35 |    67 |   136 |   198 ||   436
